 Dungeon Crawl Stone Soup version 0.31-a0-851-g7ff8af7976 (webtiles) character file.

Game seed: 4817479343440261231

1593 Maratek the Spear-Bearer (level 8, -6/68 HPs)
             Began as a Minotaur Gladiator on Oct 6, 2023.
             Was a Plaything of Xom.
             Mangled by a deep troll (10 damage)
             ... on level 7 of the Dungeon.
             The game lasted 00:08:38 (5265 turns).

Maratek the Spear-Bearer (Minotaur Gladiator)       Turns: 5265, Time: 00:08:39

Health: -6/68      AC: 18    Str: 21    XL:     8   Next: 62%
Magic:  7/7        EV: 16    Int:  5    God:    Xom [......]
Gold:   314        SH: 11    Dex: 17    Spells: 7/7 levels left

rFire   . . .        a - +0 trident (vamp)
rCold   . . .        m - +2 kite shield
rNeg    + . .        n - +9 scale mail "Wuol Dit Jeo" {rN+ Will- rCorr Dex+5}
rPois   .            c - +1 hat
rElec   .            (no cloak)
rCorr   +            (no gloves)
SInv    .            (no boots)
Will    .....        b - amulet of faith
Stlth   +            g - +5 ring of evasion
HPRegen 0.31/turn    j - ring of willpower
MPRegen 0.10/turn

%: faith
@: no status effects
A: horns 2, retaliatory headbutt, iridescent scales 2, deformed body
a: Renounce Religion


You were on level 7 of the Dungeon.
You worshipped Xom.
You were a very special plaything of Xom.
You visited 1 branch of the dungeon, and saw 7 of its levels.

You collected 314 gold pieces.

Inventory:

Hand Weapons
 a - a +0 vampiric trident (weapon)
Missiles
 d - 5 throwing nets (quivered)
 e - a javelin
Armour
 c - a +1 hat (worn)
 m - a +2 kite shield (worn)
 n - the +9 scale mail "Wuol Dit Jeo" (worn) {rN+ Will- rCorr Dex+5}
   (You found it on level 2 of the Dungeon)

   Dex+5:     It affects your dexterity (+5).
   rN+:       It protects you from negative energy.
   Will-:     It decreases your willpower.
   rCorr:     It protects you from acid and corrosion.
Magical Staves
 q - a staff of earth
Jewellery
 b - an amulet of faith (around neck)
 g - a +5 ring of evasion (left hand)
 j - a ring of willpower (right hand)
Wands
 h - a wand of flame (12)
 l - a wand of quicksilver (18)
Scrolls
 f - 8 scrolls of identify
 i - 3 scrolls of teleportation
 p - a scroll of fear
 r - a scroll of vulnerability


   Skills:
 + Level 5.2 Fighting
 + Level 9.2 Polearms
 + Level 2.3 Throwing
 + Level 5.2 Armour
 + Level 5.7 Dodging
 + Level 1.2 Stealth
 + Level 3.3 Shields


You had 7 spell levels left.
You didn't know any spells.
Your spell library contained the following spells:

 Spells                   Type           Power      Damage    Failure   Level
 Iskenderun's Battlesphe  Conj           0%         2d6       100%        5
 Bombard                  Conj/Erth      0%         9d1       100%        6
 Spellforged Servitor     Conj/Summ      0%         N/A       100%        7


Dungeon Overview and Level Annotations

Branches:
Dungeon (7/15)
 Temple: D:4-7

Altars:
Kikubaaqudgha
Trog
Vehumet
Xom
Yredelemnul


Innate Abilities, Weirdness & Mutations

You have a pair of horns on your head.
You reflexively headbutt those who attack you in melee.
You are mostly covered in iridescent scales. (AC +4)
Armour fits poorly on your strangely shaped body.


Message History

Aiming: Throw Flame
Press: ? - help, Q - select action, (/) - cycle Shift-Dir - straight line, f/p - deep troll
Aim: a deep troll (purple smoke, heavily wounded, 68% to hit)
The puff of flame hits the deep troll but does no damage.
You block the deep troll's attack. x3
Unknown command.
Aiming: Throw Flame
Press: ? - help, Q - select action, (/) - cycle Shift-Dir - straight line, f/p - deep troll
Aim: a deep troll (purple smoke, heavily wounded, 68% to hit)
The puff of flame hits the deep troll.
The deep troll is lightly wounded.
The deep troll misses you.
The deep troll claws you but does no damage.
You block the deep troll's attack.
Aiming: Throw Flame
Press: ? - help, Q - select action, (/) - cycle Shift-Dir - straight line, f/p - deep troll
Aim: a deep troll (purple smoke, heavily wounded, 68% to hit)
The puff of flame hits the deep troll.
The deep troll is lightly wounded.
You block the deep troll's attack. The deep troll barely misses you.
You block the deep troll's attack.
You feel better. You block the deep troll's attack. x2
The deep troll barely misses you.
You feel better.
The deep troll bites you but does no damage.
The deep troll claws you but does no damage.
The deep troll claws you!
* * * LOW HITPOINT WARNING * * *
You hit the deep troll.
The deep troll is lightly wounded.
You block the deep troll's attack. The deep troll completely misses you.
The deep troll barely misses you.
You closely miss the deep troll.
You headbutt the deep troll, but do no damage.
The deep troll is lightly wounded.
You block the deep troll's attack. The deep troll claws you!
* * * LOW HITPOINT WARNING * * *
The deep troll claws you!
You die...
Xom chortles!

. #.### #.#.##
##....########
.............#######
#.......####........
#.##.#..####..######
#.##.#..#§....###
#.##.#..#@#.....#
###......##T##..#.#
#.......##TT§##.#.# .
#.####.##§...§###.##
...###.####.#.......#...#
..<.........#.......#...#
.......<....#.......#...#
........>...#.......#...#
...#####.##.#.......#.<.#


You could see 3 deep trolls.

Vanquished Creatures
  Pikel (D:6)
  A black bear (D:6)
  2 lemures (D:6)
  A phantom (D:5)
  A scorpion (D:6)
  A howler monkey (D:6)
  A vampire bat (D:6)
  5 hounds
  An iron imp (D:5)
  2 jellies
  2 gnoll boudas
  2 iguanas
  An orc wizard (D:5)
  12 gnolls
  2 adders
  4 shadow imps
  A white imp (D:6)
  An ufetubus (D:4)
  3 worms
  2 dart slugs
  5 orcs
  6 ball pythons
  3 bats
  4 bat skeletons (D:6)
  2 bat zombies (D:6)
  8 endoplasms
  A giant cockroach (D:3)
  3 goblins
  3 hobgoblins
  4 jackals (D:1)
  7 kobolds
  4 quokkas
  2 frilled lizards (D:1)
  2 rats (D:1)
100 creatures vanquished.

Vanquished Creatures (collateral kills)
  Eustachio (D:5)
  A tengu (D:4)
  2 gnolls (D:5)
4 creatures vanquished.

Vanquished Creatures (others)
  A wizard (D:5)
  A lemure (D:6)
2 creatures vanquished.

Grand Total: 106 creatures vanquished

Notes
Turn   | Place    | Note
-------+----------+-------------------------------------------
     0 | D:1      | Maratek the Minotaur Gladiator began the quest for the Orb.
     0 | D:1      | Reached XP level 1. HP: 18/18 MP: 0/0
   173 | D:1      | Reached XP level 2. HP: 25/25 MP: 1/1
   338 | D:1      | Reached skill level 4 in Polearms
   623 | D:1      | Reached XP level 3. HP: 28/30 MP: 2/2
   787 | D:2      | Reached skill level 1 in Armour
   834 | D:2      | Found a shimmering altar of Xom.
   836 | D:2      | Identified the +9 scale mail "Wuol Dit Jeo" {rN+ Will-
                  | rCorr Dex+5}
   887 | D:2      | Became a worshipper of Xom the Fickle
   906 | D:2      | XOM: silly message
  1129 | D:3      | XOM: silly message
  1185 | D:3      | XOM: cast spell 'Summon Small Mammal'
  1186 | D:3      | XOM: cast spell 'Death Channel'
  1190 | D:3      | Reached XP level 4. HP: 37/37 MP: 3/3
  1417 | D:4      | Reached skill level 5 in Polearms
  1641 | D:4      | XOM: 3-stop teleportation journey
  1726 | D:4      | XOM: 2-stop teleportation journey
  1765 | D:4      | XOM: noise
  1766 | D:4      | Reached XP level 5. HP: 32/45 MP: 4/4
  1781 | D:4      | XOM: give mutation
  1781 | D:4      | Gained mutation: You are weak. (Str -2) [Xom's mischief]
  1795 | D:4      | a gnoll sergeant changed into a tengu
  1795 | D:4      | Noticed a tengu
  1795 | D:4      | XOM: polymorph gnoll sergeant -> tengu
  1805 | D:4      | XOM: scenery: summon butterflies
  1829 | D:4      | XOM: enchant monster (good)
  2426 | D:4      | XOM: 1-stop teleportation journey
  2431 | D:4      | XOM: cast spell 'Summon Cactus Giant'
  2444 | D:4      | XOM: smoke on damage
  2451 | D:4      | Killed a tengu
  2452 | D:4      | Reached skill level 6 in Polearms
  2452 | D:4      | Reached XP level 6. HP: 9/52 MP: 5/5
  2584 | D:4      | XOM: torment (27/52 hp)
  2674 | D:4      | XOM: give mutations
  2674 | D:4      | Gained mutation: You are partially covered in iridescent
                  | scales. (AC +2) [Xom's grace]
  2674 | D:4      | Gained mutation: You are mostly covered in iridescent
                  | scales. (AC +4) [Xom's grace]
  2883 | D:4      | XOM is BORED!
  2883 | D:4      | XOM: stat loss: -3 Int (2/5)
  3066 | D:5      | Entered Level 5 of the Dungeon
  3066 | D:5      | Found a bloodstained altar of Trog.
  3072 | D:5      | Found a radiant altar of Vehumet.
  3072 | D:5      | XOM: 4-stop teleportation journey
  3131 | D:5      | XOM: 3-stop teleportation journey
  3208 | D:5      | Noticed Eustachio
  3219 | D:5      | XOM: summons 6 friendly demons
  3220 | D:5      | Killed Eustachio
  3221 | D:5      | Reached XP level 7. HP: 52/59 MP: 6/6
  3223 | D:5      | Reached skill level 5 in Dodging
  3282 | D:5      | XOM: 2-stop teleportation journey
  3304 | D:5      | XOM: silly message
  3305 | D:5      | XOM: polymorph shadow imp -> iron imp
  3311 | D:5      | Reached skill level 7 in Polearms
  3311 | D:5      | Reached skill level 1 in Shields
  3311 | D:5      | XOM: stat loss: -1 Str (17/18)
  3736 | D:5      | XOM: give mutation
  3736 | D:5      | Gained mutation: Armour fits poorly on your strangely
                  | shaped body. [Xom's mischief]
  3885 | D:5      | XOM: divination: magic mapping
  3897 | D:5      | Noticed a wizard
  3902 | D:5      | Killed a wizard
  4271 | D:6      | Noticed Pikel
  4287 | D:6      | XOM: destruction
  4289 | D:6      | XOM: enchant monster (good)
  4292 | D:6      | XOM: enchant monster (good)
  4297 | D:6      | Killed Pikel
  4298 | D:6      | Reached skill level 8 in Polearms
  4298 | D:6      | Reached skill level 1 in Stealth
  4298 | D:6      | Reached XP level 8. HP: 30/67 MP: 7/7
  4512 | D:6      | Reached skill level 5 in Fighting
  4585 | D:6      | Found a basalt altar of Yredelemnul.
  4615 | D:6      | XOM: god gift: staff of earth
  4621 | D:6      | Reached skill level 5 in Armour
  4815 | D:6      | XOM: cast spell 'Olgreb's Toxic Radiance'
  4820 | D:6      | Reached skill level 9 in Polearms
  4873 | D:6      | Found an ancient bone altar of Kikubaaqudgha.
  4874 | D:6      | XOM: noise
  5169 | D:6      | XOM is BORED!
  5169 | D:6      | XOM: give mutation
  5169 | D:6      | Lost mutation: You are weak. (Str -2) [Xom's mischief]
  5242 | D:7      | Noticed a deep troll
  5243 | D:7      | Noticed a deep troll
  5243 | D:7      | Noticed a deep troll
  5257 | D:7      | XOM: fog
  5265 | D:7      | Mangled by a deep troll

Illustrated notes

Levels and vault maps discovered:
D:1:      spicycebolla_green_bress_n_ham_2, layout_basic,
          grunt_decor_mini_mirrors
D:2:      layout_rooms, basic_altar, nicolae_hexahallways,
          minmay_misc_feat_secret_circle, corexii_hall_statues_x,
          minmay_box_of_dots
D:3:      layout_rooms
D:4:      layout_layer_cave, minivault_25, lightli_minifort
D:5:      layout_layer_cave, trog_wizard, nicolae_vehumet_radiance,
          uniq_eustachio
D:6:      layout_loops_corners, kennysheep_mini, kennysheep_vampire_church,
          uniq_pikel
D:7:      layout_loops_cross, minmay_temple_entry_mini_moons,
          ebering_ghost_gozag, hellmonk_guarded_unrand_vitality_bloodlust,
          uniq_duvessa

Skill      XL: |  1  2  3  4  5  6  7  8 |
---------------+-------------------------+-----
Polearms       | 4 5 6 8 9 |  9.2
Armour         | 1 2 3 4 5 |  5.2
Dodging        | 4 5 |  5.7
Fighting       | 3 4 5 |  5.2
Shields        | 2 3 |  3.3
Stealth        | 1 |  1.2
Throwing       | |  2.3

Action                     |  1- 3 |  4- 6 |  7- 9 || total
---------------------------+-------+-------+-------++-------
  Melee: Trident           |    90 |   107 |   132 ||   329
         Headbutt          |    15 |    10 |    26 ||    51
  Evoke: Wand              |       |       |     3 ||     3
    Use: Scroll            |     4 |     3 |     4 ||    11
         Potion            |     2 |     2 |     3 ||     7
   Stab: Sleeping          |     1 |       |       ||     1
 Armour: Leather armour    |    26 |       |       ||    26
         Scale mail        |     3 |   119 |    82 ||   204
  Dodge: Dodged            |    54 |   147 |   107 ||   308
  Block: Kite shield       |       |    22 |    88 ||   110

Table legend: (Time is in decaauts)
 A = Elapsed time spent in this place.
 B = Non-inter-level travel time spent in this place.
 C = Inter-level travel time spent in this place.
 D = Time resting spent in this place.
 E = Time spent auto-exploring this place.
 F = Levels seen in this place.
 G = Mean time per level.
                   A        B        C        D        E       F      G
               +--------+--------+--------+--------+--------+-----+--------+
         Total |   5283 |   5139 |    144 |    196 |   4229 |   7 |  754.7 |
       Dungeon |   5283 |   5139 |    144 |    196 |   4229 |   7 |  754.7 |
               +--------+--------+--------+--------+--------+-----+--------+

Top non-repeatable levels by time:
     D:4: 1481 daAuts
     D:5: 1164 daAuts
     D:6: 980 daAuts
     D:1: 781 daAuts
     D:3: 665 daAuts
     D:2: 148 daAuts
     D:7: 62 daAuts
